 Dungeon Crawl Stone Soup version 0.31-a0-544-gceb718ecc6 (webtiles) character file.

Game seed: 4844564310327073784

1245 IdlyInterested the Fighter (level 8, -5/68 HPs)
             Began as a Demonspawn Gladiator on Aug 15, 2023.
             Slain by Duvessa
             ... wielding a +0 rapier
              (8 damage)
             ... on level 5 of the Dungeon.
             The game lasted 00:12:10 (4845 turns).

IdlyInterested the Fighter (Demonspawn Gladiator)   Turns: 4845, Time: 00:12:11

Health: -5/68      AC:  9    Str: 16    XL:     8   Next: 25%
Magic:  8/8        EV: 11    Int:  9    God:
Gold:   208        SH:  0    Dex: 16    Spells: 7/7 levels left

rFire   . . .        a - +0 long sword
rCold   . . .        (no shield)
rNeg    . . .        t - +0 scale mail
rPois   .            c - +0 helmet
rElec   .            (no cloak)
rCorr   .            (no gloves)
SInv    .            (no boots)
Will    .....        l - amulet of magic regeneration Stlth
                     (no ring)
HPRegen 0.31/turn    (no ring)
MPRegen 0.51/turn

%: no passive effects
@: no status effects
A: hooves 1, icy blue scales 1
a: no special abilities


You were on level 5 of the Dungeon.
You visited 1 branch of the dungeon, and saw 5 of its levels.

You collected 208 gold pieces.

Inventory:

Hand Weapons
 a - a +0 long sword (weapon)
 b - a +2 whip of flaming
 n - a +0 dagger of freezing
Missiles
 d - 4 throwing nets
 e - 16 javelins
 g - 2 stones (quivered)
 h - 4 silver javelins
 p - 2 poisoned darts
Armour
 c - a +0 helmet (worn)
 t - a +0 scale mail (worn)
Jewellery
 l - an amulet of magic regeneration (around neck)
 m - a ring of fire
Wands
 j - a wand of mindburst (7)
 v - a wand of paralysis (1)
Scrolls
 f - a scroll of revelation
 i - a scroll of immolation {unknown}
 o - a scroll of amnesia {unknown}
 q - a scroll of fear {unknown}
 s - a scroll of teleportation {unknown}
 w - 3 scrolls of blinking
 x - a scroll of silence {unknown}
 y - a scroll of summoning {unknown}
Potions
 k - a potion of curing
 r - a potion of ambrosia {unknown}
 u - a potion of enlightenment {unknown}
 z - a potion of brilliance {unknown}


   Skills:
 + Level 8.0 Fighting
 - Level 4.0 Long Blades
 - Level 2.0 Throwing
 - Level 2.0 Armour
 * Level 3.5 Dodging
 - Level 1.0 Stealth
 - Level 2.0 Shields
 - Level 1.0 Unarmed Combat
 - Level 1.0 Evocations
 - Level 1.0 Shapeshifting


You had 7 spell levels left.
You didn't know any spells.
Your spell library was empty.

Dungeon Overview and Level Annotations

Branches:
Dungeon (5/15)
 Temple: D:4-7

Altars:
Ashenzari

Annotations:
D:5 Duvessa


Innate Abilities, Weirdness & Mutations

You have large cloven feet.
You are partially covered in icy blue scales. (AC +2)


Message History

Duvessa is lightly wounded.
Duvessa hits you with a +0 rapier. x2
You barely miss Duvessa. You kick Duvessa.
Duvessa is moderately wounded.
Duvessa hits you with a +0 rapier. Duvessa hits you with a +0 rapier!
Aiming: Mindburst
Press: ? - help, Shift-Dir - straight line, f/p - Duvessa
Aim: Duvessa, wielding a +0 rapier and wearing a +0 ring mail (moderately wounded, berserk, chance to affect: 51%) Duvessa resists with significant effort.
The hound barely misses you. Duvessa closely misses you.
The hound barely misses you.
Aiming: Mindburst
Press: ? - help, Shift-Dir - straight line, f/p - Duvessa
Aim: Duvessa, wielding a +0 rapier and wearing a +0 ring mail (moderately wounded, berserk, chance to affect: 51%) Duvessa resists with significant effort.
Duvessa hits you but does no damage. The hound bites you but does no damage.
Duvessa hits you with a +0 rapier!
* * * LOW HITPOINT WARNING * * *
Aiming: Mindburst
Press: ? - help, Shift-Dir - straight line, f/p - Duvessa
Aim: Duvessa, wielding a +0 rapier and wearing a +0 ring mail (moderately wounded, berserk, chance to affect: 51%) Duvessa resists with significant effort.
The hound misses you. Duvessa hits you with a +0 rapier!
* * * LOW HITPOINT WARNING * * *
The hound bites you but does no damage.
You feel better. Duvessa completely misses you. The hound closely misses you.
Duvessa hits you with a +0 rapier.
* * * LOW HITPOINT WARNING * * *
Aiming: Mindburst
Press: ? - help, Shift-Dir - straight line, f/p - Duvessa
Aim: Duvessa, wielding a +0 rapier and wearing a +0 ring mail (moderately wounded, berserk, chance to affect: 51%) Duvessa's mind is blasted!
The hound bites you.
* * * LOW HITPOINT WARNING * * *
Duvessa barely misses you. The hound barely misses you.
Aiming: Mindburst
Press: ? - help, Shift-Dir - straight line, f/p - Duvessa
Aim: Duvessa, wielding a +0 rapier and wearing a +0 ring mail (moderately wounded, berserk, chance to affect: 51%) Duvessa resists with significant effort.
Duvessa hits you with a +0 rapier!
You die...

#.......>....#....
#............#..[.
#...)#.......#....
#....#...##..#....
#....#...##..###..
#....#......)..#..
#....#.........#..
#....#.........#..
#@####.........'..
#he.#....##...##..
#...'.... #...#...
#...#.........#...
#...#.........#...
##..# ..##...#...
..# .. #...#...
... #...


You could see Duvessa (berserk) and a hound.

Vanquished Creatures
  Pikel (D:5)
  An ogre (D:5)
  2 phantoms
  Blork the orc (D:5)
  2 scorpions (D:4)
  Dowan (D:5)
  A hound (D:5)
  2 jellies (D:5)
  An iguana (D:4)
  7 gnolls (D:5)
  6 adders
  2 ufetubi (D:4)
  A worm (D:3)
  5 dart slugs
  10 orcs
  6 bats
  8 endoplasms
  A giant cockroach (D:3)
  11 goblins
  7 hobgoblins
  3 jackals (D:1)
  3 quokkas
  6 ball pythons
  A frilled lizard (D:1)
  2 kobolds
  4 rats
95 creatures vanquished.

Notes
Turn   | Place    | Note
-------+----------+-------------------------------------------
     0 | D:1      | IdlyInterested the Demonspawn Gladiator began the quest for
                  | the Orb.
     0 | D:1      | Reached XP level 1. HP: 16/16 MP: 1/1
   166 | D:1      | Gained mutation: You have large cloven feet. [demonic
                  | ancestry]
   166 | D:1      | Reached XP level 2. HP: 10/23 MP: 2/2
   579 | D:1      | Gained mutation: You are partially covered in icy blue
                  | scales. (AC +2) [demonic ancestry]
   579 | D:1      | Reached XP level 3. HP: 17/28 MP: 3/3
   657 | D:1      | Reached skill level 1 in Armour
   659 | D:1      | Found a faded altar of an unknown god.
   795 | D:1      | You fall into a shaft and drop 1 floor!
  1401 | D:2      | Reached skill level 3 in Fighting
  1899 | D:3      | Reached XP level 4. HP: 35/35 MP: 4/4
  2161 | D:3      | Reached skill level 1 in Unarmed Combat
  2750 | D:4      | Noticed a scorpion
  2762 | D:4      | Killed a scorpion
  2763 | D:4      | Reached skill level 4 in Fighting
  2763 | D:4      | Reached skill level 1 in Stealth
  2763 | D:4      | Reached XP level 5. HP: 31/42 MP: 5/5
  3046 | D:4      | Reached skill level 1 in Evocations
  3078 | D:4      | Reached XP level 6. HP: 10/50 MP: 6/6
  3229 | D:4      | Found a broken altar of Ashenzari.
  3677 | D:4      | Reached skill level 5 in Fighting
  3677 | D:4      | Reached skill level 1 in Shapeshifting
  3819 | D:5      | Entered Level 5 of the Dungeon
  3931 | D:5      | Reached skill level 1 in Shields
  4060 | D:5      | Noticed Pikel
  4082 | D:5      | Killed Pikel
  4083 | D:5      | Reached skill level 7 in Fighting
  4083 | D:5      | Reached XP level 7. HP: 27/60 MP: 7/7
  4502 | D:5      | Reached XP level 8. HP: 10/67 MP: 8/8
  4750 | D:5      | Noticed Dowan
  4765 | D:5      | Killed Dowan
  4775 | D:5      | Noticed Blork the orc
  4786 | D:5      | Killed Blork the orc
  4787 | D:5      | Reached skill level 8 in Fighting
  4834 | D:5      | Noticed Duvessa
  4844 | D:5      | HP: 3/68 [hound (2)]
  4845 | D:5      | Slain by Duvessa

Illustrated notes

Levels and vault maps discovered:
D:1:      evilmike_arrival_plus, layout_loops_ring,
          shapermc_ecumenical_altar_mp_ritualfount, chequers_jeans,
          minmay_pentomino_w2
D:2:      layout_basic, minmay_misc_feat_diagonals, minmay_tiny_reverse_x
D:3:      layout_loops_ring
D:4:      layout_cave_pods, ashenzari_conservatory_becter,
          nicolae_concentric_dashed_squares_wild
D:5:      layout_gridville, grunt_temple_overflow_open, uniq_pikel,
          uniq_blork_the_orc, uniq_duvessa, uniq_prince_ribbit1

Skill      XL: |  1  2  3  4  5  6  7  8 |
---------------+-------------------------+-----
Long Blades    | 3 4 |  4.0
Dodging        | 3 |  3.5
Armour         | 2 |  2.0
Fighting       | 3 4 7 8 |  8.0
Unarmed Combat | 1 |  1.0
Throwing       | 2 |  2.0
Stealth        | 1 |  1.0
Evocations     | 1 |  1.0
Shapeshifting  | 1 |  1.0
Shields        | 2 |  2.0

Action                     |  1- 3 |  4- 6 |  7- 9 || total
---------------------------+-------+-------+-------++-------
  Melee: Long sword        |   101 |   206 |    48 ||   355
         Kick              |    17 |    51 |    16 ||    84
         Punch             |     2 |     2 |     1 ||     5
  Throw: Stone             |     1 |     9 |    13 ||    23
         Dart              |       |       |     2 ||     2
  Evoke: Wand              |       |       |    10 ||    10
    Use: Potion            |     1 |     4 |     1 ||     6
         Scroll            |       |     4 |       ||     4
   Stab: Sleeping          |     2 |       |       ||     2
         Paralysed         |       |       |     5 ||     5
 Armour: Leather armour    |    52 |     6 |       ||    58
         Scale mail        |       |    82 |    20 ||   102
  Dodge: Dodged            |    76 |   140 |    27 ||   243

Table legend: (Time is in decaauts)
 A = Elapsed time spent in this place.
 B = Non-inter-level travel time spent in this place.
 C = Inter-level travel time spent in this place.
 D = Time resting spent in this place.
 E = Time spent auto-exploring this place.
 F = Levels seen in this place.
 G = Mean time per level.
                   A        B        C        D        E       F      G
               +--------+--------+--------+--------+--------+-----+--------+
         Total |   4905 |   4562 |    343 |    963 |   2510 |   5 |  981.0 |
       Dungeon |   4905 |   4562 |    343 |    963 |   2510 |   5 |  981.0 |
               +--------+--------+--------+--------+--------+-----+--------+

Top non-repeatable levels by time:
     D:4: 1147 daAuts
     D:2: 1000 daAuts
     D:1: 973 daAuts
     D:5: 954 daAuts
     D:3: 830 daAuts
